 Dungeon Crawl Stone Soup version 0.29.1-2-gbd0b4ee654 (webtiles) character file.

Game seed: 3595145292452256200

310 GorkyZ the Trooper (level 6, -1/38 HPs)
             Began as a Gargoyle Gladiator on Nov 29, 2022.
             Slain by a black bear (2 damage)
             ... on level 3 of the Dungeon.
             The game lasted 00:05:37 (2302 turns).

GorkyZ the Trooper (Gargoyle Gladiator)             Turns: 2302, Time: 00:05:39

Health: -1/38      AC: 14    Str: 17    XL:     6   Next: 41%
Magic:  6/6        EV:  8    Int:  9    God:
Gold:   98         SH:  0    Dex: 13    Spells: 5/5 levels left

rFire   . . .      SeeInvis .   p - +2 club (spect)
rCold   . . .      Faith    .   (no shield)
rNeg    + . .      Spirit   .   g - +0 chain mail
rPois   ∞          Reflect  .   c - +0 helmet
rElec   +          Harm     .   (no cloak)
rCorr   .          Rampage  .   (no gloves)
Will    .....                   (no boots)
Stlth   ..........              (no amulet)
HPRegen 0.12/turn               (no ring)
MPRegen 0.10/turn               (no ring)

@: no status effects
A: sickness immunity, AC +4, negative energy resistance 1, electricity
resistance, torment resistance 1, petrification resistance
a: no special abilities


You were on level 3 of the Dungeon.
You visited 1 branch of the dungeon, and saw 3 of its levels.

You collected 98 gold pieces.

Inventory:

Hand Weapons
 a - a +0 war axe
 p - a +2 spectral club (weapon)
Missiles
 d - 3 throwing nets (quivered)
 e - a javelin
 r - 3 silver javelins
Armour
 b - a +0 leather armour
 c - a +0 helmet (worn)
 g - a +0 chain mail (worn)
 m - an orb of wrath
Wands
 j - a wand of flame (19)
Scrolls
 f - 2 scrolls of blinking {unknown}
 h - a scroll of teleportation {unknown}
 i - a scroll of poison {unknown}
 n - 6 scrolls of identify {unknown}
 q - a scroll of amnesia {unknown}
 t - a scroll of enchant weapon {unknown}
 u - a scroll of noise {unknown}
Potions
 k - a potion of heal wounds
 l - a potion of lignification {unknown}
 o - 2 potions of curing {unknown}
 s - a potion of invisibility {unknown}


   Skills:
 + Level 3.7 Fighting
 + Level 3.7 Axes
 + Level 3.0 Throwing
 + Level 2.8 Armour
 + Level 3.3 Dodging


You had 5 spell levels left.
You didn't know any spells.
Your spell library contained the following spells:

 Spells                   Type           Power      Damage    Failure   Level
 Gell's Gravitas          Tloc           0%         N/A       100%        3
 Lesser Beckoning         Tloc           0%         N/A       100%        3
 Teleport Other           Tloc           0%         N/A       100%        3


Dungeon Overview and Level Annotations

Branches:
Dungeon (3/15)

Altars:


Innate Abilities, Weirdness & Mutations

You are immune to sickness and miasma.
Your stone body is resilient. (AC +4)
You are immune to poison.
You resist negative energy. (rN+)
You are resistant to electric shocks. (rElec)
You are resistant to unholy torment.
You are immune to petrification.


Message History

The bat hits you. Terence hits you with a +0 trident.
* * * LOW HITPOINT WARNING * * *
You barely miss Terence.
Terence is moderately wounded.
The bat closely misses you. Terence barely misses you.
You hit Terence but do no damage.
Terence is moderately wounded.
Terence barely misses you. Terence screams, "I want your blood!"
Terence hits you but does no damage.
You barely miss Terence.
Terence is moderately wounded.
The bat closely misses you. Terence barely misses you.
You hit Terence.
Terence is heavily wounded.
The bat hits you but does no damage. x2; Terence hits you but does no damage.
The bat closely misses you.
You hit Terence.
Terence is almost dead.
The bat closely misses you. x2; Terence hits you but does no damage.
You sock Terence!
You kill Terence!
The bat closely misses you.
You hit the black bear but do no damage.
The black bear bites you but does no damage.
The black bear claws you but does no damage. x2
The bat hits you but does no damage.
You hit the black bear.
The black bear is lightly wounded.
The bat completely misses you. The black bear bites you.
* * * LOW HITPOINT WARNING * * *
The black bear claws you but does no damage.
The black bear claws you.
* * * LOW HITPOINT WARNING * * *
The bat hits you.
* * * LOW HITPOINT WARNING * * *
The black bear bites you.
* * * LOW HITPOINT WARNING * * *
The black bear claws you.
You die...

....... ..... ..... ...
... #r# #h# #@# #.
####b#### #. #.......#
#. #.##.##.# ####.###
###.##........
.......####......##.####
.......#.......#.# #
.......#.##.#......
............##.#..##


You could see a black bear, a bat and a rat.

Vanquished Creatures
  Grinder (D:3)
  Jessica (D:2)
  Terence (D:3)
  2 adders (D:2)
  2 worms (D:2)
  A dart slug (D:1)
  4 ball pythons
  2 bats
  5 endoplasms
  5 giant cockroaches
  5 hobgoblins
  3 frilled lizards
  3 goblins
  5 kobolds
  4 rats
44 creatures vanquished.

Notes
Turn   | Place    | Note
-------+----------+-------------------------------------------
     0 | D:1      | GorkyZ the Gargoyle Gladiator began the quest for the Orb.
     0 | D:1      | Reached XP level 1. HP: 12/12 MP: 1/1
   274 | D:1      | Reached XP level 2. HP: 18/18 MP: 2/2
   689 | D:1      | Reached skill level 1 in Armour
   901 | D:2      | Reached XP level 3. HP: 21/22 MP: 3/3
  1348 | D:2      | Noticed Jessica
  1356 | D:2      | Killed Jessica
  1357 | D:2      | Reached XP level 4. HP: 21/27 MP: 4/4
  1993 | D:3      | Noticed Grinder
  2041 | D:3      | Killed Grinder
  2042 | D:3      | Reached XP level 5. HP: 10/33 MP: 5/5
  2042 | D:3      | Reached XP level 6. HP: 12/38 MP: 6/6
  2279 | D:3      | Noticed Terence
  2285 | D:3      | Noticed a black bear
  2300 | D:3      | Killed Terence
  2302 | D:3      | HP: 1/38 [black bear (4)]
  2302 | D:3      | Slain by a black bear

Illustrated notes

Levels and vault maps discovered:
D:1:      dpeg_arrival_erosion, layout_basic
D:2:      layout_loops_ring, uniq_jessica
D:3:      layout_loops_cross, mainiacjoe_overflow_cross_hatched,
          nzn_wu_jian_council_hall, minmay_close_crescents, uniq_grinder,
          uniq_terence

Skill      XL: |  1  2  3  4 |
---------------+-------------+-----
Throwing       | 2 3 |  3.0
Armour         | 1 2 |  2.8
Axes           | 3 |  3.7
Fighting       | 3 |  3.7
Dodging        | 3 |  3.3

Action                   |  1- 3 |  4- 6 || total
-------------------------+-------+-------++-------
Melee: War axe           |    76 |       ||    76
       Club              |       |    75 ||    75
  Use: Potion            |       |     2 ||     2
 Stab: Distracted        |       |     1 ||     1
Armor: Chain mail        |    48 |    49 ||    97
Dodge: Dodged            |    33 |    39 ||    72
